 Dungeon Crawl Stone Soup version 0.29-a0-234-g0dae59b3db (webtiles) character file.

Game seed: 669012094196988818

2630 drugrobin the Cleaver (level 9, -1/70 HPs)
             Began as a Demigod Fighter on Mar 3, 2022.
             Slain by a kobold
             ... wielding a +0 club
              (3 damage)
             ... on level 8 of the Dungeon.
             The game lasted 00:15:12 (9552 turns).

drugrobin the Cleaver (Demigod Fighter)             Turns: 9552, Time: 00:15:13

Health: -1/70      AC: 20    Str: 29    XL:     9   Next: 13%
Magic:  0/11       EV:  8    Int: 10    God:
Gold:   166        SH:  4    Dex: 13    Spells: 8/8 levels left

rFire   . . .      SeeInvis .   a - +0 war axe
rCold   . . .      Faith    .   c - +0 buckler
rNeg    . . .      Spirit   +   p - +0 chain mail
rPois   .          Reflect  .   (no helmet)
rElec   .          Harm     .   e - +0 cloak
rCorr   .          Rampage  .   (no gloves)
Will    .....                   w - +1 pair of boots
Stlth   ..........              G - amulet of guardian spirit
HPRegen 0.21/turn               l - +4 ring of protection
MPRegen 0.12/turn               J - +4 ring of protection

@: lethally poisoned (-1 -> -6), attractive
A: high MP 1, forlorn, divine attributes
a: no special abilities


You were on level 8 of the Dungeon.
You visited 1 branch of the dungeon, and saw 8 of its levels.

You collected 263 gold pieces.
You spent 97 gold pieces at shops.

Inventory:

Hand Weapons
 a - a +0 war axe (weapon)
 b - a +2 spear of venom
Missiles
 m - 6 poisoned darts (quivered)
 H - a curare-tipped dart
Armour
 c - a +0 buckler (worn)
 e - a +0 cloak (worn)
 p - a +0 chain mail (worn)
 w - a +1 pair of boots (worn)
 z - an orb of mayhem
Jewellery
 l - a +4 ring of protection (left hand)
 G - an amulet of guardian spirit (around neck)
 J - a +4 ring of protection (right hand)
Wands
 r - a wand of acid (14)
 y - a wand of flame (23)
Scrolls
 g - 4 scrolls of immolation {unknown}
 h - 2 scrolls of brand weapon {unknown}
 i - 3 scrolls of torment {unknown}
 j - a scroll of enchant weapon {unknown}
 o - 2 scrolls of identify {unknown}
 q - 2 scrolls of teleportation {unknown}
 t - 3 scrolls of fear {unknown}
 u - 2 scrolls of vulnerability {unknown}
 v - 2 scrolls of fog {unknown}
 A - a scroll of magic mapping {unknown}
 E - a scroll of enchant armour {unknown}
Potions
 d - 3 potions of might
 f - 6 potions of curing {unknown}
 k - a potion of degeneration {unknown}
 n - a potion of ambrosia {unknown}
 s - 2 potions of heal wounds {unknown}
 x - 2 potions of attraction
 B - a potion of invisibility {unknown}
 D - a potion of haste {unknown}
 F - a potion of flight {unknown}
 I - a potion of berserk rage {unknown}


   Skills:
 + Level 3.4 Fighting
 + Level 11.6 Axes
 - Level 2.6 Armour
 - Level 2.6 Shields


You had 8 spell levels left.
You didn't know any spells.
Your spell library contained the following spells:

 Spells                   Type           Power      Damage    Failure   Level
 Conjure Flame            Conj/Fire      0%         6-21      100%        3
 Ignite Poison            Fire/Tmut/Pois 0%         N/A       100%        3
 Animate Armour           Summ/Erth      0%         N/A       100%        4
 Animate Dead             Necr           0%         N/A       100%        4
 Sticky Flame             Conj/Fire      0%         2d3       100%        4
 Blade Hands              Tmut           0%         N/A       100%        5
 Iron Shot                Conj/Erth      0%         9d1       100%        6
 Haunt                    Necr/Summ      0%         N/A       100%        7
 Infestation              Necr           0%         N/A       100%        8


Dungeon Overview and Level Annotations

Branches:
Dungeon (8/15)             Temple (0/1) D:4
   Lair: D:8-11

Shops:
D:6 *

Annotations:
D:8 2 transporters, SirDiesAlot's ghost, novice MiHu


Innate Abilities, Weirdness & Mutations

You have an increased reservoir of magic. (+10% MP)
You shall have no god before yourself.
Your divine heritage dramatically boosts your attributes as you level up.


Message History

The kobold brigand is severely wounded.
You hit the kobold.
You feel very sick. You block the kobold brigand's attack.
The kobold closely misses you.
Unknown command.
Unknown command.
You hit the kobold brigand but do no damage.
The kobold brigand is severely wounded.
You slash the kobold!
You kill the kobold!
You feel sick.
The kobold brigand hits you but does no damage.
The kobold throws a poisoned dart.
The poisoned dart hits you!
You are more poisoned.
Unknown command.
Unknown command.
Unknown command.
You barely miss the kobold brigand.
The kobold brigand is severely wounded.
* * * LOW HITPOINT WARNING * * *
You feel very sick.
The kobold brigand hits you but does no damage.
The kobold brigand hits you with a +0 dagger.
* * * LOW HITPOINT WARNING * * *
Unknown command.
Unknown command.
Unknown command.
You hit the kobold brigand but do no damage.
The kobold brigand is severely wounded.
* * * LOW HITPOINT WARNING * * *
You feel sick.
The kobold brigand hits you with a +0 dagger!
* * * LOW HITPOINT WARNING * * *
Unknown command.
Unknown command.
It was a potion of attraction.
You feel attractive to monsters.
* * * LOW HITPOINT WARNING * * *
You feel sick. The kobold hits you with a +0 club.
You die...

# # ######## ######
########......# #....#########
..............#
####.......†)).).
########......#
#........########
########....(.###........#
...............##....###.#
............##..#....###.####.
.....©..........@K...........>
.#########...#.)K###.....##.#
##8....h8##..#...# #<.......#
#c...).c.B#..#...# #...###..#
#K##..W##Y#..#...# #...# .#
#W##.W.##.#..#.... #...# #
#Yh..©....#..####.##.###
#.##...##.#..# .##.#
#.##...##.#..### #.#


You could see a kobold brigand and a kobold.

Vanquished Creatures
  A gargoyle (D:8)
  A water moccasin (D:7)
  A black bear (D:5)
  An orc warrior (D:7)
  3 sky beasts
  A centaur (D:6)
  2 ogres
  A kobold brigand (D:7)
  7 bullfrogs
  A gnoll sergeant (D:7)
  A scorpion (D:6)
  A necrophage (D:7)
  A killer bee (D:6)
  A howler monkey (D:6)
  4 orc priests
  A hound (D:5)
  A jelly (D:4)
  2 gnoll shamans (D:7)
  Natasha (thrice) (D:3)
  6 orc wizards
  11 gnolls
  5 adders
  2 shadow imps (D:6)
  2 ufetubi
  2 worms
  A dart slug (D:4)
  21 orcs
  9 endoplasms
  2 giant cockroaches
  6 goblins
  10 hobgoblins
  5 jackals
  12 kobolds
  3 quokkas
  7 ball pythons
  10 bats
  2 frilled lizards
  4 rats
154 creatures vanquished.

Vanquished Creatures (others)
  A plant (D:4)
1 creature vanquished.

Grand Total: 155 creatures vanquished

Notes
Turn   | Place    | Note
-------+----------+-------------------------------------------
     0 | D:1      | drugrobin the Demigod Fighter began the quest for the Orb.
     0 | D:1      | Reached XP level 1. HP: 18/18 MP: 3/3
    86 | D:1      | Reached skill level 2 in Axes
   510 | D:1      | Reached XP level 2. HP: 25/25 MP: 4/4
   691 | D:1      | Reached skill level 3 in Axes
  1104 | D:2      | Reached XP level 3. HP: 28/30 MP: 5/5
  2002 | D:3      | Reached skill level 4 in Axes
  2157 | D:3      | Reached XP level 4. HP: 33/37 MP: 6/6
  2857 | D:3      | Noticed Natasha
  2865 | D:3      | Killed Natasha
  2866 | D:3      | Reached skill level 5 in Axes
  2866 | D:3      | Reached XP level 5. HP: 42/42 MP: 7/7
  3080 | D:3      | Noticed Natasha
  3087 | D:3      | Killed Natasha
  3158 | D:3      | Noticed Natasha
  3169 | D:3      | Killed Natasha
  3764 | D:4      | Found a staircase to the Ecumenical Temple.
  3870 | D:4      | Reached skill level 6 in Axes
  3870 | D:4      | Reached XP level 6. HP: 42/50 MP: 8/8
  4517 | D:5      | Entered Level 5 of the Dungeon
  4566 | D:5      | Reached skill level 7 in Axes
  4698 | D:5      | Reached XP level 7. HP: 55/56 MP: 9/9
  5084 | D:5      | Reached skill level 8 in Axes
  6257 | D:6      | Found Jisi's Assorted Antiques.
  6265 | D:6      | Bought a brown potion for 31 gold pieces
  6265 | D:6      | Bought a metallic yellow potion for 31 gold pieces
  6265 | D:6      | Bought a scroll labelled ANOUGY OSEOZYMM for 35 gold pieces
  6331 | D:6      | Reached skill level 9 in Axes
  6358 | D:6      | Reached XP level 8. HP: 29/62 MP: 10/10
  7001 | D:6      | Reached skill level 10 in Axes
  8246 | D:7      | Reached skill level 11 in Axes
  9142 | D:8      | Noticed a gargoyle
  9334 | D:8      | Found a transporter.
  9334 | D:8      | Noticed a boulder beetle
  9338 | D:8      | Noticed a centaur warrior
  9344 | D:8      | Noticed SirDiesAlot's ghost (novice MiHu)
  9354 | D:8      | Found a transporter.
  9441 | D:8      | Reached XP level 9. HP: 62/68 MP: 9/11
  9543 | D:8      | Killed a gargoyle
  9552 | D:8      | HP: 2/70 [poisoned by a kobold]
  9552 | D:8      | Slain by a kobold

Illustrated notes

Levels and vault maps discovered:
D:1:      amcnicky_arrival_wind_blow, layout_basic, serial_glass,
          glass_columns_a, glass_columns_a
D:2:      layout_loops_corners
D:3:      layout_loops_ring, hellmonk_ecumenical_altar_heavens_door,
          roderic_serpentine_path, uniq_natasha
D:4:      layout_basic, gammafunk_temple_overflow_forgotten,
          mainiacjoe_overflow_cross_hatched,
          minmay_temple_entry_statues_fountains, amcnicky_mini_pool_small
D:5:      layout_basic, nicolae_tso_carved_into_rock, minmay_misc_feat_rows,
          eino_tiny_chamber
D:6:      minmay_chambers_of_threes, layout_loops_ring, serial_shops, shop
D:7:      layout_loops_corners
D:8:      layout_basic, gammafunk_ghost_arena

Skill      XL: |  1  2  3  4  5  6  7  8  9 |
---------------+----------------------------+-----
Axes           | 2 3 4 5 6 7 9 11 | 11.6
Fighting       | 3 |  3.4
Armour         | |  2.6
Shields        | |  2.6

Action                   |  1- 3 |  4- 6 |  7- 9 || total
-------------------------+-------+-------+-------++-------
Melee: War axe           |    67 |   106 |   254 ||   427
       Dagger            |    47 |    30 |    14 ||    91
       Trident           |       |    14 |       ||    14
       Spear             |       |       |    43 ||    43
Throw: Dart              |       |     8 |     7 ||    15
       Throwing net      |       |       |     2 ||     2
Evoke: Wand              |       |       |     1 ||     1
  Use: Potion            |       |       |     1 ||     1
 Stab: Held in net/web   |       |       |     2 ||     2
Armor: Scale mail        |    39 |       |       ||    39
       Chain mail        |    24 |    84 |   176 ||   284
Dodge: Dodged            |    29 |    46 |    99 ||   174
Block: Buckler           |    21 |    18 |    57 ||    96

Table legend: (Time is in decaauts)
 A = Elapsed time spent in this place.
 B = Non-inter-level travel time spent in this place.
 C = Inter-level travel time spent in this place.
 D = Time resting spent in this place.
 E = Time spent auto-exploring this place.
 F = Levels seen in this place.
 G = Mean time per level.
                   A        B        C        D        E       F      G
               +--------+--------+--------+--------+--------+-----+--------+
         Total |   9611 |   9164 |    447 |   1801 |   5556 |   8 | 1201.4 |
       Dungeon |   9611 |   9164 |    447 |   1801 |   5556 |   8 | 1201.4 |
               +--------+--------+--------+--------+--------+-----+--------+

Top non-repeatable levels by time:
     D:7: 1918 daAuts
     D:5: 1581 daAuts
     D:4: 1352 daAuts
     D:3: 1222 daAuts
     D:6: 1175 daAuts
     D:2: 1006 daAuts
     D:1: 989 daAuts
     D:8: 364 daAuts
